 Dungeon Crawl Stone Soup version 0.29-a0-275-g389c0b56f3 (webtiles) character file.

Game seed: 10620833793473655755

25 Morbidden the Stinger (level 2, -7/26 HPs)
             Began as a Troll Venom Mage on Mar 10, 2022.
             Mangled by Sigmund
             ... wielding a +0 scythe
              (11 damage)
             ... on level 2 of the Dungeon.
             The game lasted 00:01:09 (1137 turns).

Morbidden the Stinger (Troll Venom Mage)            Turns: 1137, Time: 00:01:09

Health: -7/26      AC:  4    Str: 15    XL:     2   Next: 82%
Magic:  2/2        EV:  9    Int: 11    God:
Gold:   25         SH:  0    Dex: 10    Spells: 2/3 levels left

rFire   . . .      SeeInvis .   (no weapon)
rCold   . . .      Faith    .   (no shield)
rNeg    . . .      Spirit   .   a - +0 robe
rPois   .          Reflect  .   (helmet restricted)
rElec   .          Harm     .   (no cloak)
rCorr   .          Rampage  .   (gloves unavailable)
Will    .....                   (boots unavailable)
Stlth   +.........              (no amulet)
HPRegen 0.88/turn               (no ring)
MPRegen 0.08/turn               (no ring)

@: no status effects
A: large, unfitting armour, claws 3, regeneration 1, shaggy fur 1, tough skin 1
a: no special abilities


You were on level 2 of the Dungeon.
You visited 1 branch of the dungeon, and saw 2 of its levels.

You collected 25 gold pieces.

Inventory:

Missiles
 i - 6 boomerangs (quivered)
Armour
 a - a +0 robe (worn)
Scrolls
 c - a scroll of magic mapping {unknown}
 d - a scroll of blinking {unknown}
Potions
 b - a potion of magic
 e - a potion of might {unknown}
 f - a potion of heal wounds {unknown}
 g - a potion of invisibility {unknown}
 h - a potion of berserk rage {unknown}


   Skills:
 * Level 0.9 Fighting
 + Level 1.6 Dodging
 + Level 1.1 Stealth
 + Level 0.2 Unarmed Combat
 * Level 1.3 Spellcasting
 * Level 0.6 Transmutations
 * Level 2.6 Poison Magic


You had 2 spell levels left.
You knew the following spells:

 Your Spells              Type           Power      Damage    Failure   Level
a - Sting                 Tmut/Pois      16%        1d3       16%         1

Your spell library contained the following spells:

 Spells                   Type           Power      Damage    Failure   Level
 Poisonous Vapours        Pois/Air       6%         N/A       28%         2
 Mephitic Cloud           Conj/Pois/Air  2%         N/A       54%         3
 Olgreb's Toxic Radiance  Pois           6%         N/A       71%         4


Dungeon Overview and Level Annotations

Branches:
Dungeon (2/15)

Altars:

Annotations:
D:2 Sigmund


Innate Abilities, Weirdness & Mutations

You are too large for most types of armour.
You have claws for hands.
Your natural rate of healing is unusually fast.
You are covered in fur. (AC +1)
You have tough skin. (AC +1)


Message History

The hobgoblin attacks as you move away! The hobgoblin barely misses you.
The hobgoblin attacks as you move away! The hobgoblin misses you.
Found a dagger.
You closely miss the hobgoblin. The hobgoblin closely misses you.
Unknown command.
The hobgoblin attacks as you move away! The hobgoblin completely misses you.
The hobgoblin attacks as you move away! The hobgoblin hits you.
Found 13 gold pieces.
You see here a +0 dagger.
Found 11 gold pieces.
The hobgoblin hits you.
Sigmund appears from thin air!
Reactivating autopickup.
You see here 13 gold pieces.
You barely miss the hobgoblin.
The hobgoblin hits you but does no damage.
Sigmund casts a spell.
Sigmund flickers and vanishes!
Deactivating autopickup; reactivate with Ctrl-A.
You scratch the hobgoblin.
The hobgoblin is moderately wounded.
The hobgoblin closely misses you.
You scratch the hobgoblin but do no damage.
The hobgoblin is moderately wounded.
The hobgoblin hits you. Something hits you.
You scratch the hobgoblin.
The hobgoblin is severely wounded.
The hobgoblin hits you. Something hits you but does no damage.
You scratch the hobgoblin.
You kill the hobgoblin!
Unknown command.
Something hits you but does no damage.
You see here a hobgoblin corpse.
You miss something. Something hits you!
You barely miss something. You completely miss something. Something hits you!
Ouch! That really hurt!
* * * LOW HITPOINT WARNING * * *
You barely miss something. Something hits you!
You die...

.####.....#.#
............#
.####.....###
##...## ##)##
###.# #$..#
#{### #@# #.#
#.# ... ...#.
#.#.#.# #.#.#
# ..... ..
#.#


There were no monsters in sight!

Vanquished Creatures
  A dart slug (D:2)
  2 bats (D:1)
  5 endoplasms (D:1)
  A giant cockroach (D:2)
  A goblin (D:1)
  3 hobgoblins
  2 ball pythons (D:1)
  A frilled lizard (D:1)
  5 rats
21 creatures vanquished.

Notes
Turn   | Place    | Note
-------+----------+-------------------------------------------
     0 | D:1      | Morbidden the Troll Venom Mage began the quest for the Orb.
     0 | D:1      | Reached XP level 1. HP: 16/16 MP: 1/1
   328 | D:1      | Reached XP level 2. HP: 26/26 MP: 0/2
   440 | D:1      | You fall into a shaft and drop 1 floor!
  1071 | D:2      | Noticed Sigmund
  1137 | D:2      | Mangled by Sigmund

Illustrated notes

Levels and vault maps discovered:
D:1:      heliophobic_arrival_battle_scene, layout_basic, serial_aquarium,
          aquarium_bridge_straight [aquarium_subvault_bridge,
          aquarium_subvault_window, aquarium_subvault_bridge,
          aquarium_subvault_wall], aquarium_bridge_long_joined
          [aquarium_subvault_bridge, aquarium_subvault_balcony,
          aquarium_subvault_wall, aquarium_subvault_wall,
          aquarium_subvault_bridge, aquarium_subvault_window],
          aquarium_window_1, aquarium_window_1, aquarium_window_1,
          aquarium_window_fake, aquarium_view_2f, aquarium_view_2a,
          aquarium_balcony_double_4, aquarium_pool_five
D:2:      layout_loops_ring, minmay_tiny_reverse_x, uniq_sigmund

Action                   || total
-------------------------++-------
Melee: Unarmed           ||    56
 Cast: Sting             ||     1
 Stab: Sleeping          ||     1
Armor: Robe              ||    27
Dodge: Dodged            ||    30

Table legend: (Time is in decaauts)
 A = Elapsed time spent in this place.
 B = Non-inter-level travel time spent in this place.
 C = Inter-level travel time spent in this place.
 D = Time resting spent in this place.
 E = Time spent auto-exploring this place.
 F = Levels seen in this place.
 G = Mean time per level.
                   A        B        C        D        E       F      G
               +--------+--------+--------+--------+--------+-----+--------+
         Total |   1137 |   1121 |     16 |      0 |    924 |   2 |  568.5 |
       Dungeon |   1137 |   1121 |     16 |      0 |    924 |   2 |  568.5 |
               +--------+--------+--------+--------+--------+-----+--------+

Top non-repeatable levels by time:
     D:1: 1046 daAuts
     D:2: 91 daAuts
